 Dungeon Crawl Stone Soup version 0.31.0-2-g5a2aebc5c2 (webtiles) character file.

Game seed: 12932250916225441935

45 Aviak the Chiller (level 3, 0/26 HPs)
             Began as a Gnoll Ice Elementalist on Jan 20, 2024.
             Was a Follower of Dithmenos.
             Slain by an adder (2 damage)
             ... on level 2 of the Dungeon.
             The game lasted 00:02:47 (1322 turns).

Aviak the Chiller (Gnoll Ice Elementalist)          Turns: 1322, Time: 00:02:47

Health: 0/26       AC:  2    Str:  7    XL:     3   Next: 64%
Magic:  9/9        EV: 13    Int: 16    God:    Dithmenos [*.....]
Gold:   30         SH:  0    Dex: 12    Spells: 5/12 levels left

rFire   . . .        i - +0 long sword
rCold   . . .        (no shield)
rNeg    . . .        a - +0 robe
rPois   .            (no helmet)
rElec   .            (no cloak)
rCorr   .            (no gloves)
SInv    .            (no boots)
Will    +....        (no amulet)
Stlth   +++          (no ring)
HPRegen 0.24/turn    (no ring)
MPRegen 0.11/turn

%: no passive effects
@: lethally poisoned (0 -> -6), enlightened, flying, wreathed by umbra
A: fangs 1, strong nose, distributed training
a: Renounce Religion


You were on level 2 of the Dungeon.
You worshipped Dithmenos.
Dithmenos was aware of your devotion.
You visited 1 branch of the dungeon, and saw 2 of its levels.

You collected 30 gold pieces.

Inventory:

Hand Weapons
 i - a +0 long sword (weapon)
Armour
 a - a +0 robe (worn)
Talismans
 l - a blade talisman
 m - a flux talisman
Scrolls
 c - a scroll of amnesia {unknown}
 d - 2 scrolls of identify {unknown}
 e - a scroll of teleportation {unknown}
 g - a scroll of brand weapon {unknown}
 h - a scroll of enchant armour {unknown}
 k - a scroll of noise {unknown}
Potions
 b - a potion of magic
 f - a potion of enlightenment
 j - a potion of brilliance {unknown}


   Skills:
 + Level 1.0 Fighting
 + Level 1.0 Short Blades
 + Level 1.0 Long Blades
 + Level 1.0 Axes
 + Level 1.0 Maces & Flails
 + Level 1.0 Polearms
 + Level 1.0 Staves
 + Level 1.0 Ranged Weapons
 + Level 1.0 Throwing
 + Level 1.0 Armour
 + Level 4.6 Dodging
 + Level 4.2 Stealth
 + Level 1.0 Shields
 + Level 1.0 Unarmed Combat
 + Level 5.0 Spellcasting
 + Level 0.7 Conjurations
 + Level 0.7 Hexes
 + Level 0.7 Summonings
 + Level 0.7 Necromancy
 + Level 0.7 Translocations
 + Level 0.7 Fire Magic
 + Level 7.1 Ice Magic
 + Level 0.7 Air Magic
 + Level 0.7 Earth Magic
 + Level 0.7 Alchemy
 + Level 1.0 Invocations
 + Level 1.0 Evocations
 + Level 0.8 Shapeshifting


You had 5 spell levels left.
You knew the following spells:

 Your Spells              Type           Power      Damage    Failure   Level
a - Freeze                Ice            100%       1d10      1%          1
c - Frozen Ramparts       Ice            52%        1d8       2%          3
f - Ozocubu's Armour      Ice            26%        N/A       2%          3

Your spell library contained the following spells:

 Spells                   Type           Power      Damage    Failure   Level
 Summon Ice Beast         Ice/Summ       16%        N/A       9%          3


Dungeon Overview and Level Annotations

Branches:
Dungeon (2/15)

Altars:
Dithmenos
Elyvilon


Innate Abilities, Weirdness & Mutations

You have very sharp teeth.
Your uncanny sense of smell can sniff out nearby items.
Your experience applies equally to all skills.


Message History

The adder poisons you!
You miss the adder. Your bite misses the adder.
You feel sick. The adder closely misses you.
You barely miss the adder. Your punch misses the adder.
You bite the adder, but do no damage.
You feel sick. The adder barely misses you. The adder bites you.
You barely miss the adder.
You feel sick. The adder bites you. The adder barely misses you.
You hit the adder.
The adder is moderately wounded.
You feel sick.
You are no longer poisoned.
The adder misses you.
You miss the adder.
The adder is moderately wounded.
The adder bites you but does no damage. The adder misses you.
You hit the adder. You bite the adder, but do no damage.
The adder is heavily wounded.
The adder completely misses you. The adder bites you.
You closely miss the adder.
The adder is heavily wounded.
The adder bites you but does no damage. The adder barely misses you.
You closely miss the adder. Your punch misses the adder.
The adder is heavily wounded.
The adder bites you.
You are poisoned.
The adder poisons you! The adder bites you.
You are lethally poisoned!
The adder poisons you!
You closely miss the adder.
The adder is heavily wounded.
* * * LOW HITPOINT WARNING * * *
You feel very sick. The adder closely misses you.
It was a potion of enlightenment.
You feel very buoyant.
You fly up into the air.
* * * LOW HITPOINT WARNING * * *
You feel sick. The adder bites you.
You die...

### #.. #.# #.#
######.#########
#........@S....#
##.###.#######.#
#.# #.# #.#
##.#######
#.##........#
#.........#.#
#########.# ∆ ∆


You could see an adder.

Vanquished Creatures
  2 adders (D:2)
  2 ribbon worms (D:2)
  4 endoplasms
  3 goblins
  2 hobgoblins (D:2)
  2 quokkas
  4 ball pythons
  A frilled lizard (D:2)
  2 rats (D:1)
22 creatures vanquished.

Notes
Turn   | Place    | Note
-------+----------+-------------------------------------------
     0 | D:1      | Aviak the Gnoll Ice Elementalist began the quest for the
                  | Orb.
     0 | D:1      | Reached XP level 1. HP: 13/13 MP: 6/6
   281 | D:1      | Reached XP level 2. HP: 17/19 MP: 4/7
   370 | D:1      | Found a faded altar of an unknown god.
   385 | D:1      | Prayed at the altar of an unknown god.
   385 | D:1      | Became a worshipper of Dithmenos the Shadowed
   385 | D:1      | Reached * piety under Dithmenos
   726 | D:2      | Reached skill level 5 in Spellcasting
   726 | D:2      | Reached XP level 3. HP: 8/25 MP: 2/9
   730 | D:2      | Learned a level 3 spell: Frozen Ramparts
   734 | D:2      | Learned a level 3 spell: Ozocubu's Armour
   956 | D:2      | Reached skill level 1 in Invocations
  1206 | D:2      | Found a white marble altar of Elyvilon.
  1216 | D:2      | Reached skill level 1 in Fighting
  1216 | D:2      | Reached skill level 1 in Short Blades
  1216 | D:2      | Reached skill level 1 in Long Blades
  1216 | D:2      | Reached skill level 1 in Axes
  1216 | D:2      | Reached skill level 1 in Maces & Flails
  1216 | D:2      | Reached skill level 1 in Polearms
  1216 | D:2      | Reached skill level 1 in Staves
  1216 | D:2      | Reached skill level 1 in Ranged Weapons
  1216 | D:2      | Reached skill level 1 in Throwing
  1216 | D:2      | Reached skill level 1 in Armour
  1216 | D:2      | Reached skill level 1 in Shields
  1216 | D:2      | Reached skill level 1 in Unarmed Combat
  1216 | D:2      | Reached skill level 1 in Evocations
  1322 | D:2      | Slain by an adder

Illustrated notes

Levels and vault maps discovered:
D:1:      tekkud_arrival_beachfront_property, layout_rooms,
          dreamdust_ecumenical_altar_grove
D:2:      layout_basic, basic_altar, chequers_garden, minmay_misc_feat_iff,
          chequers_serial_rivers_micro_c

Skill      XL: |  1  2  3 |
---------------+----------+-----
Spellcasting   | 5 |  5.0
Invocations    | 1 |  1.0
Fighting       | 1 |  1.0
Short Blades   | 1 |  1.0
Long Blades    | 1 |  1.0
Axes           | 1 |  1.0
Maces & Flails | 1 |  1.0
Polearms       | 1 |  1.0
Staves         | 1 |  1.0
Ranged Weapons | 1 |  1.0
Throwing       | 1 |  1.0
Armour         | 1 |  1.0
Shields        | 1 |  1.0
Unarmed Combat | 1 |  1.0
Evocations     | 1 |  1.0
Dodging        | |  4.6
Stealth        | |  4.2
Conjurations   | |  0.7
Hexes          | |  0.7
Summonings     | |  0.7
Necromancy     | |  0.7
Translocations | |  0.7
Fire Magic     | |  0.7
Ice Magic      | |  7.1
Air Magic      | |  0.7
Earth Magic    | |  0.7
Alchemy        | |  0.7
Shapeshifting  | |  0.8

Action                     || total
---------------------------++-------
  Melee: Unarmed           ||     9
         Long sword        ||    31
         Bite              ||     3
         Punch             ||     1
   Cast: Freeze            ||    20
         Frozen Ramparts   ||     1
    Use: Potion            ||     1
   Stab: Sleeping          ||     4
 Armour: Robe              ||    29
  Dodge: Dodged            ||    40
